 Dungeon Crawl Stone Soup version 0.20-b1-24-gb21faa7 (webtiles) character file.

28 cereshysteria the Charmwright (level 3, 0/32 HPs)
             Began as a Naga Skald on May 25, 2017.
             Slain by an orc
             ... wielding a +2 trident of holy wrath
              (7 damage)
             ... on level 1 of the Dungeon.
             The game lasted 00:03:36 (1217 turns).

cereshysteria the Charmwright (Naga Skald)          Turns: 1217, Time: 00:03:36

Health: 0/32       AC:  2    Str: 13    XL:     3   Next: 14%
Magic:  5/6        EV:  9    Int: 18    God:
Gold:   66         SH:  0    Dex: 11    Spells: 5/6 levels left

rFire    . . .     SeeInvis +   a - +0 spear
rCold    . . .     Gourm    .   (no shield)
rNeg     . . .     Faith    .   e - +0 leather armour {MR+}
rPois    +         Spirit   .   (no helmet)
rElec    .         Reflect  .   (no cloak)
rCorr    .         Harm     .   (no gloves)
MR       +....                  (no barding)
Stlth    +.........             (no amulet)
Regen    0.1/turn               h - +5 ring of intelligence
MPRegen  0.1/turn               (no ring)

@: very slightly contaminated, very slow
A: see invisible, deformed body, poison resistance, slowness 2, slow metabolism
1, spit poison 1, AC +1
a: Spit Poison


You were on level 1 of the Dungeon.
You were not hungry.

You visited 1 branch of the dungeon, and saw 1 of its levels.

You collected 66 gold pieces.

Inventory:

Hand Weapons
 a - a +0 spear (weapon)
Armour
 b - a +0 leather armour
 e - a +0 leather armour of magic resistance (worn)
Jewellery
 h - a +5 ring of intelligence (left hand)
 k - a cursed ring of loudness {unknown}
Scrolls
 i - a scroll of remove curse
 j - a scroll of recharging {unknown}
 m - a scroll of enchant armour {unknown}
Books
 c - a book of Battle

   Spells                             Type                      Level
   a - Infusion                       Charms                       1
   b - Shroud of Golubria             Charms/Translocation         2
   c - Song of Slaying                Charms                       2
   d - Spectral Weapon                Hexes/Charms                 3
   e - Regeneration                   Charms/Necromancy            3
Comestibles
 d - 3 bread rations
 f - 7 fruits
 g - a meat ration


   Skills:
 + Level 2.1 Fighting
 + Level 2.2 Polearms
 - Level 0.7 Armour
 * Level 2.0 Dodging
 - Level 0.4 Stealth
 * Level 2.2 Spellcasting
 + Level 3.3 Charms


You had 5 spell levels left.
You knew the following spells:

 Your Spells              Type           Power        Failure   Level  Hunger
a - Infusion              Chrm           ##..         5%          1    #......


Dungeon Overview and Level Annotations

Branches:
Dungeon (1/15)

Altars:


Innate Abilities, Weirdness & Mutations

You cannot wear boots.
Your serpentine skin is tough. (AC +1)
You have supernaturally acute eyesight. (SInv)
Armour fits poorly on your strangely shaped body.
Your system is resistant to poisons. (rPois)
You cover ground very slowly.
You have a slow metabolism.
You can spit poison.


Message History

Aim: an orc, wielding a trident of holy wrath You reach to attack!
You closely miss the orc.
The orc hits you from afar with a trident of holy wrath.
You are too injured to fight recklessly!
You are too injured to fight recklessly!
You are too injured to fight recklessly!
Casting: Infusion
Confirm with . or Enter, or press ? or * to list all spells.
You miscast Infusion.
You are very lightly contaminated with residual magic.
Strange energies run through your body.
The orc hits you from afar with a trident of holy wrath!
* * * LOW HITPOINT WARNING * * *
A bat comes into view.
The orc barely misses you. The orc hits you but does no damage.
You hit the orc.
The orc is moderately wounded.
The orc hits you with a trident of holy wrath!
You die...

#.#.#.#.......###.#>#.#.#####
#.#.#.#.......##>....###....#
####..(#>#...............#.##..#
.†...###.#.......##..#..#.###..##
.#..## #.#....b......#..#........
.#..####.#.......##.##..#.###..##
...............####.......# #..#
...............####.##..#.###..#
##..####.####..o@..............#
#..####.# #..####.##..#.###.##
#..#....# #..####.....†.....#
#..#.#### #.............#####
#..#.########..........#.#
#............#####.##.##.#
###.#.#####............##.#
......#####.#.#####.#####.#
###.........#.# #.# #.#


You could see an orc.

Vanquished Creatures
  2 leopard geckos (D:1)
  A giant cockroach (D:1)
  4 hobgoblins (D:1)
  3 jackals (D:1)
  2 kobolds (D:1)
  A ball python (D:1)
  5 bats (D:1)
  A frilled lizard (D:1)
  2 goblins (D:1)
  5 rats (D:1)
26 creatures vanquished.

Notes
Turn   | Place    | Note
-------+----------+-------------------------------------------
     0 | D:1      | cereshysteria the Naga Skald began the quest for the Orb.
     0 | D:1      | Reached XP level 1. HP: 19/19 MP: 3/3
   219 | D:1      | Reached XP level 2. HP: 26/26 MP: 5/5
   822 | D:1      | Reached XP level 3. HP: 30/32 MP: 6/6
  1217 | D:1      | Slain by an orc

Skill      XL: |  1  2  3 |
---------------+----------+-----
Dodging        | 2 |  2.0
Fighting       | |  2.1
Polearms       | |  2.2
Armour         | |  0.7
Stealth        | |  0.4
Spellcasting   | |  2.2
Charms         | |  3.3

Action                   || total
-------------------------++-------
Melee: Spear             ||   100
 Cast: Infusion          ||     3
  Use: Scroll            ||     1
       Potion            ||     1
 Stab: Sleeping          ||     1
Armor: Leather armour    ||    15
Dodge: Dodged            ||    39
